 Dungeon Crawl Stone Soup version 0.26.0-16-gc1dbca0489 (webtiles) character file.

Game seed: 15782080368107657646

996 inqbanana the Skirmisher (level 8, -3/84 HPs)
             Began as an Ogre Chaos Knight on Jan 20, 2021.
             Was a Plaything of Xom.
             Slain by Duvessa
             ... wielding a +0 short sword
              (4 damage)
             ... on level 5 of the Dungeon.
             The game lasted 00:08:27 (5051 turns).

inqbanana the Skirmisher (Ogre Chaos Knight)        Turns: 5051, Time: 00:08:28

Health: -3/84      AC: 10    Str: 16 (17) XL:     8   Next: 19%
Magic:  8/8        EV: 11    Int: 15      God:    Xom [*.....]
Gold:   374        SH:  5    Dex:  8      Spells: 7/7 levels left

rFire    . . .     SeeInvis .   a - +0 mace (chaos)
rCold    . . .     Faith    .   (no shield)
rNeg     . . .     Spirit   .   b - +2 robe
rPois    .         Reflect  +   (helmet restricted)
rElec    .         Harm     .   h - +0 cloak
rCorr    +         Rampage  .   (gloves unavailable)
Will     .....                  (boots unavailable)
Stlth    +.........             d - amulet of reflection
HPRegen  0.00/turn              f - ring of resist corrosion
MPRegen  0.11/turn              p - +4 ring of protection

@: cleaving
A: large, unfitting armour, blurry vision 1, deterioration 1, inhibited
regeneration, tough skin 1
a: Renounce Religion


You were on level 5 of the Dungeon.
You worshipped Xom.
You were a special plaything of Xom.
You visited 1 branch of the dungeon, and saw 5 of its levels.

You collected 374 gold pieces.

Inventory:

Hand Weapons
 a - a +0 mace of chaos (weapon)
 m - a +2 giant spiked club
Armour
 b - a +2 robe (worn)
 h - a +0 cloak (worn)
Jewellery
 d - an amulet of reflection (around neck)
 f - a ring of resist corrosion (left hand)
 k - an uncursed amulet of guardian spirit
 p - a +4 ring of protection (right hand)
Wands
 l - a wand of paralysis (12)
 o - a wand of acid (2)
Scrolls
 c - 4 scrolls of identify
 g - 2 scrolls of fog
 i - 3 scrolls of remove curse
 j - a scroll of blinking
 q - 3 scrolls of teleportation


   Skills:
 + Level 6.7 Fighting
 * Level 6.0 Maces & Flails
 + Level 3.1 Armour
 + Level 4.3 Dodging


You had 7 spell levels left.
You didn't know any spells.
Your spell library was empty.

Dungeon Overview and Level Annotations

Branches:
Dungeon (5/15)
 Temple: D:4-7

Altars:
Ashenzari
Hepliaklqana
Ru
Sif Muna
Yredelemnul

Annotations:
D:5 Duvessa


Innate Abilities, Weirdness & Mutations

You are too large for most types of armour.
You have tough skin. (AC +1)
Scrolls take you a little longer to read.
Your body sometimes deteriorates upon taking damage.
You do not regenerate when monsters are visible.


Message History

You block Duvessa's attack. x2
Unknown command.
You aren't carrying any potions.
You hit Duvessa but do no damage.
Duvessa is lightly wounded.
Duvessa hits you but does no damage.
The white imp barely misses the adder.
Duvessa closely misses you.
You hit Duvessa.
Duvessa seems to speed up.
Duvessa is lightly wounded.
Duvessa closely misses you.
You hit Duvessa but do no damage.
Duvessa is poisoned.
Duvessa is lightly wounded.
Duvessa closely misses you. Duvessa hits you with a +0 short sword!
* * * LOW HITPOINT WARNING * * *
Unknown command.
You sock Duvessa!
Duvessa is heavily wounded.
Duvessa hits you with a +0 short sword.
You die...
Xom roars with laughter!

######.§####
..####.## # #§## #
.........# #####§#
# ......#.
##.§§§.# ##
......#.#..#####
##. ..........#
##.. ...#####.##
#... #)#
#..#####... #@#
##....##... #e#
######e......(
#S###..B.5e..###.S
#.5.S.####(..###5#
####### #.....#.#
#####.#.# #...#
#...# #...#


You could see Duvessa (berserk, fast, very poisoned), an adder and a white imp
(confused).

Vanquished Creatures
  An ice beast (D:5)
  4 ogres (D:4)
  A centaur (D:5)
  A scorpion (D:4)
  Dowan (D:5)
  A hound (D:4)
  2 orc wizards (D:3)
  3 worker ants
  Robin (D:4)
  4 adders
  2 white imps (D:5)
  2 oozes
  An adder skeleton (D:3)
  2 worms
  2 dart slugs
  A leopard gecko (D:3)
  4 orcs (D:3)
  3 bats (D:1)
  4 giant cockroaches
  11 hobgoblins
  6 jackals
  2 quokkas
  A ball python skeleton (D:4)
  6 frilled lizards
  15 goblins
  10 kobolds
  8 rats
99 creatures vanquished.

Vanquished Creatures (collateral kills)
  Sigmund (D:3)
  A goblin (D:4)
  A hobgoblin (D:4)
3 creatures vanquished.

Vanquished Creatures (others)
  A fungus (D:4)
  10 plants (D:4)
  4 toadstools (D:1)
15 creatures vanquished.

Grand Total: 117 creatures vanquished

Notes
Turn   | Place    | Note
-------+----------+-------------------------------------------
     0 | D:1      | inqbanana the Ogre Chaos Knight began the quest for the
                  | Orb.
     0 | D:1      | Reached XP level 1. HP: 24/24 MP: 1/1
   270 | D:1      | Reached XP level 2. HP: 32/32 MP: 2/2
   739 | D:1      | Reached XP level 3. HP: 39/39 MP: 3/3
  1348 | D:2      | XOM: cloud trail
  1450 | D:2      | Reached skill level 1 in Armour
  1864 | D:2      | XOM is BORED!
  1864 | D:2      | XOM: give mutations
  1864 | D:2      | Gained mutation: Scrolls take you a little longer to read.
                  | [Xom's mischief]
  1864 | D:2      | Gained mutation: You do not regenerate when monsters are
                  | visible. [Xom's mischief]
  1864 | D:2      | Lost mutation: Scrolls take you a little longer to read.
                  | [Xom's mischief]
  2052 | D:2      | Reached XP level 4. HP: 27/49 MP: 4/4
  2296 | D:3      | Reached XP level 5. HP: 41/55 MP: 5/5
  2358 | D:3      | XOM: cast spell 'Alistair's Intoxication'
  2507 | D:3      | Reached skill level 5 in Fighting
  2544 | D:3      | Noticed Sigmund
  2547 | D:3      | XOM: summons 3 friendly demons
  2566 | D:3      | Killed Sigmund
  2567 | D:3      | Reached XP level 6. HP: 66/66 MP: 6/6
  2721 | D:3      | XOM: give mutations
  2721 | D:3      | Gained mutation: Your body sometimes deteriorates upon
                  | taking damage. [Xom's mischief]
  2721 | D:3      | Gained mutation: You are frail. (-10% HP) [Xom's mischief]
  2721 | D:3      | Lost mutation: You are frail. (-10% HP) [Xom's mischief]
  2721 | D:3      | Gained mutation: Scrolls take you a little longer to read.
                  | [Xom's mischief]
  3032 | D:3      | Found a shimmering blue altar of Sif Muna.
  3035 | D:3      | XOM: summons 4 hostile demons
  3846 | D:4      | XOM: 4-stop teleportation journey
  3853 | D:4      | Noticed Robin
  3866 | D:4      | Killed Robin
  3881 | D:4      | XOM: summons 4 friendly demons
  4234 | D:4      | Found a sacrificial altar of Ru.
  4322 | D:4      | Reached skill level 5 in Maces & Flails
  4322 | D:4      | Reached XP level 7. HP: 73/74 MP: 7/7
  4424 | D:4      | Found a basalt altar of Yredelemnul.
  4424 | D:4      | Found a broken altar of Ashenzari.
  4425 | D:4      | Found a hazy altar of Hepliaklqana.
  4584 | D:4      | XOM: cloud trail
  4781 | D:4      | XOM: silly message
  4808 | D:5      | Entered Level 5 of the Dungeon
  4848 | D:5      | XOM: cloud trail
  4973 | D:5      | Noticed Duvessa
  4973 | D:5      | Noticed Dowan
  5014 | D:5      | Reached XP level 8. HP: 61/84 MP: 8/8
  5027 | D:5      | Killed Dowan
  5034 | D:5      | XOM: confuse monster(s)
  5041 | D:5      | XOM: cleaving
  5050 | D:5      | HP: 1/84 [Duvessa/+0 short sword (8)]
  5051 | D:5      | Slain by Duvessa

Illustrated notes

Levels and vault maps discovered:
D:1:      dpeg_arrival_water_fire, layout_basic, minmay_gold_behind_fungi,
          grunt_decor_arrowhead
D:2:      cheibrodos_helix_gallery, layout_basic
D:3:      layout_rooms, lemuel_blue_sif_altar, uniq_sigmund
D:4:      minmay_skewed_foursquare, layout_basic,
          nicolae_ru_the_path_less_chosen, gammafunk_temple_overflow_claw,
          minmay_small_thing, uniq_robin
D:5:      layout_rooms, enter_ossuary_2, uniq_duvessa

Skill      XL: |  1  2  3  4  5  6  7  8 |
---------------+-------------------------+-----
Maces & Flails | 3 4 5 6 |  6.0
Armour         | 1 2 3 |  3.1
Dodging        | 3 4 |  4.3
Fighting       | 5 6 |  6.7

Action                   |  1- 3 |  4- 6 |  7- 9 || total
-------------------------+-------+-------+-------++-------
Melee: Mace              |   119 |   163 |    65 ||   347
Evoke: Wand              |       |     3 |     7 ||    10
  Use: Scroll            |     9 |     3 |     3 ||    15
       Potion            |     3 |     5 |     3 ||    11
 Stab: Paralysed         |     1 |     2 |     3 ||     6
       Confused          |       |     1 |       ||     1
Armor: Robe              |    48 |    93 |    24 ||   165
Dodge: Dodged            |    77 |   115 |    51 ||   243
Block: Other             |    34 |    70 |    16 ||   120
       Reflection        |     3 |     2 |     1 ||     6
